 Dungeon Crawl Stone Soup version coffee-0.2.0 (webtiles) character file.

Game seed: 12033036195954037080, levelgen mode: deterministic

1815 Dorkslayer the Shield-Bearer (level 8, 0/70 HPs)
             Began as a Minotaur Fighter on Oct 24, 2020.
             Was an Elder of Okawaru.
             Killed from afar by an electric eel (6 damage)
             ... with a bolt of electricity
             ... on level 6 of the Dungeon.
             The game lasted 00:13:29 (3992 turns).

Dorkslayer the Shield-Bearer (Minotaur Fighter)     Turns: 3992, Time: 00:13:29

Health: 0/70       AC: 13    Str: 24    XL:     8   Next: 85%
Magic:  7/7        EV: 14    Int:  5    God:    Okawaru [****..]
Gold:   281        SH: 12    Dex: 15    Spells: 7/7 levels left

rFire    . . .     SeeInvis +   p - +1 short sword "Ultimatum" {drain, Dex+6} (curse)
rCold    . . .     Gourm    +   c - +0 kite shield
rNeg     . . .     Faith    .   b - +0 scale mail
rPois    .         Spirit   .   (helmet restricted)
rElec    .         Reflect  .   j - +0 cloak (curse)
rCorr    .         Harm     .   m - +2 pair of gloves
MR       .....                  (no boots)
Stlth    ++........             q - amulet of the gourmand
HPRegen  0.21/turn              n - ring of see invisible
MPRegen  0.10/turn              (no ring)

@: no status effects
A: retaliatory headbutt, horns 2
a: Heroism, Renounce Religion


You were on level 6 of the Dungeon.
You worshipped Okawaru.
Okawaru was greatly pleased with you.
You were full.

You visited 2 branches of the dungeon, and saw 7 of its levels.

You collected 281 gold pieces.

Inventory:

Hand Weapons
 a - a +0 long sword
 p - the cursed +1 short sword "Ultimatum" (weapon) {drain, Dex+6}
   (You found it on level 2 of the Dungeon)

   A truly terrible weapon, it drains the life of those it strikes.
   It affects your dexterity (+6).
   It has a curse placed upon it.
Missiles
 i - 41 poisoned darts
 B - 11 boomerangs (quivered)
Armour
 b - a +0 scale mail (worn)
 c - a +0 kite shield (worn)
 j - a cursed +0 cloak (worn)
 m - a +2 pair of gloves (worn)
Jewellery
 n - a ring of see invisible (left hand)
 q - an amulet of the gourmand (around neck)
 t - the amulet of Birghit {+Rage Str+4}
   (You found it on level 3 of the Dungeon)

   [amulet of rage]

   It affects your strength (+4).
   It lets you go berserk.
Wands
 o - a wand of acid (8)
 w - a wand of flame (24)
 z - a wand of paralysis (5)
Scrolls
 g - 4 scrolls of remove curse
 k - 2 scrolls of teleportation
 r - 2 scrolls of immolation
 s - 2 scrolls of blinking
 u - 2 scrolls of summoning
 y - 2 scrolls of magic mapping
 C - a scroll of enchant weapon
Potions
 d - 2 potions of might
 e - a potion of brilliance
 h - 2 potions of curing
 l - a potion of stabbing
 v - 2 potions of magic
 x - 2 potions of haste
 A - a potion of flight
Comestibles
 f - 8 rations


   Skills:
 + Level 5.9(9.1) Fighting
 + Level 6.4(6.9) Short Blades
 + Level 4.0(6.1) Long Blades
 + Level 3.1 Throwing
 + Level 6.3(9.2) Armour
 + Level 3.4(7.6) Dodging
 + Level 1.7(6.0) Stealth
 + Level 6.8(9.4) Shields


You had 7 spell levels left.
You didn't know any spells.
Your spell library contained the following spells:

 Spells                   Type           Power        Failure   Level  Hunger
 Corona                   Hex            #......      50%         1    ##.....
 Ensorcelled Hibernation  Hex/Ice        #.....       71%         2    ###....
 Animate Skeleton         Necr           N/A          83%         1    ##.....
 Pain                     Necr           #...         83%         1    ##.....
 Confusing Touch          Hex            #.......     86%         3    ####...
 Tukima's Dance           Hex            #.......     86%         3    ####...
 Dazzling Flash           Conj/Hex       #.....       95%         3    ####...
 Gell's Gravitas          Tloc           #.........   99%         3    ####...
 Vampiric Draining        Necr           #.........   99%         3    ####...
 Animate Dead             Necr           N/A          100%        4    #####..
 Petrify                  Tmut/Erth      #.......     100%        4    #####..
 Agony                    Necr           #.......     100%        5    ######.
 Metabolic Englaciation   Hex/Ice        #.........   100%        5    ######.
 Yara's Violent Unravell  Hex/Tmut       #.........   100%        5    ######.


Dungeon Overview and Level Annotations

Branches:
Dungeon (6/10)             Temple (1/1) D:2

Altars:
Ashenzari
Cheibriados
Dithmenos
Elyvilon
Fedhas
Gozag
Kikubaaqudgha
Makhleb
Okawaru
Qazlal
Ru
Sif Muna
Trog
Uskayaw
Vehumet
Yredelemnul
Zin
The Shining One


Innate Abilities, Weirdness & Mutations

You reflexively headbutt those who attack you in melee.
You have a pair of horns on your head.


Message History

Your unstable footing causes you to fumble your attack.
You miss the electric eel. Your headbutt misses the electric eel.
The electric eel is moderately wounded.
The electric eel shoots out a bolt of lightning at you!
The bolt of electricity hits you!
The bolt of electricity hits the plant.
Your unstable footing causes you to fumble your attack.
The electric eel shoots out a bolt of lightning at you!
The bolt of electricity hits you!
The bolt of electricity hits the plant!
The electric eel shoots out a bolt of lightning at you!
The bolt of electricity hits the plant.
The bolt of electricity hits you. The bolt of electricity misses you.
The electric eel shoots out a bolt of lightning at you!
The bolt of electricity hits you!
* * * LOW HITPOINT WARNING * * *
The electric eel shoots out a bolt of lightning at you!
The bolt of electricity hits you!
* * * LOW HITPOINT WARNING * * *
The electric eel shoots out a bolt of lightning at you!
The bolt of electricity hits you.
You die... ### ##♣≈♣## ##≈≈≈≈≈# #≈P≈≈P≈♣ #≈≈≈≈≈≈♣# #P.PPPP≈#

### #.....# .. ###
##.....######.♣ ≈♣P
..#
#........@.≈♣≈♣♣≈≈≈≈
♣.#
#.########.♣≈P≈≈≈≈≈≈
≈.#### #.#
#≈s≈P;≈≈PP≈ .....#
#.#######P♣;PP≈≈≈≈≈≈
####.#
#...^...≈♣≈≈≈≈≈≈≈≈≈≈
#.#
#<.#####♣≈≈≈≈P≈P≈≈≈≈
#.###..#
♣♣≈≈♣≈≈≈≈≈≈≈
#......# ≈♣≈≈≈≈≈≈≈≈≈
#####.##
##♣♣≈≈≈P≈≈≈≈


You could see a scorpion and 2 electric eels.

Vanquished Creatures
  Pikel (D:6)
  A water moccasin (D:5)
  A sky beast (D:5)
  3 ice beasts
  2 phantoms (D:5)
  An electric eel (D:6)
  A bullfrog zombie (D:5)
  A hound (D:4)
  2 orc priests
  2 centaur skeletons (D:4)
  2 orc wizards (D:4)
  6 worker ants
  A hound zombie (D:5)
  2 hound skeletons
  2 howler monkey skeletons
  8 adders
  6 gnolls (D:2)
  2 oozes
  3 worms
  3 dart slugs
  A leopard gecko (D:5)
  12 orcs
  4 giant cockroaches
  9 goblins
  8 hobgoblins
  9 kobolds
  4 quokkas
  2 ball pythons (D:1)
  6 bats
  6 frilled lizards
  10 rats
121 creatures vanquished.

Notes
Turn   | Place    | Note
-------+----------+-------------------------------------------
     0 | D:1      | Dorkslayer the Minotaur Fighter began the quest for the
                  | Orb.
     0 | D:1      | Reached XP level 1. HP: 19/19 MP: 0/0
    91 | D:1      | Reached XP level 2. HP: 27/27 MP: 1/1
   374 | D:1      | Reached XP level 3. HP: 33/33 MP: 2/2
   626 | D:2      | Got the cursed +1 short sword "Ultimatum" {drain, Dex+6}
   644 | D:2      | Found a staircase to the Ecumenical Temple.
   801 | D:2      | Reached XP level 4. HP: 40/40 MP: 3/3
   998 | Temple   | Entered the Ecumenical Temple
  1006 | Temple   | Became a worshipper of Warmaster Okawaru
  1213 | D:3      | Reached skill level 1 in Short Blades
  1213 | D:3      | Reached XP level 5. HP: 32/47 MP: 4/4
  1228 | D:3      | Got the amulet of Birghit {+Rage Str+4}
  1548 | D:2      | Reached skill level 5 in Shields
  2311 | D:4      | Reached * piety under Okawaru
  2311 | D:4      | Reached XP level 6. HP: 52/55 MP: 5/5
  2317 | D:4      | Reached skill level 5 in Armour
  2338 | D:4      | Got the ring "Peutsep" {Wiz Int+3}
  2470 | D:4      | Noticed an ice beast
  2484 | D:4      | Reached skill level 5 in Fighting
  2490 | D:4      | Killed an ice beast
  2490 | D:4      | Reached skill level 1 in Dodging
  2491 | D:4      | Reached XP level 7. HP: 60/61 MP: 6/6
  2531 | D:4      | Found a basalt altar of Yredelemnul.
  2531 | D:4      | Found a shimmering blue altar of Sif Muna.
  2540 | D:4      | Found a white marble altar of Elyvilon.
  2610 | D:4      | Reached ** piety under Okawaru
  2724 | D:4      | Reached skill level 1 in Throwing
  2864 | D:5      | Entered Level 5 of the Dungeon
  2877 | D:5      | Found a blossoming altar of Fedhas.
  3139 | D:5      | Reached skill level 5 in Short Blades
  3202 | D:5      | Reached *** piety under Okawaru
  3202 | D:5      | Reached skill level 1 in Stealth
  3202 | D:5      | Reached XP level 8. HP: 67/69 MP: 7/7
  3784 | D:6      | Noticed Pikel
  3808 | D:6      | Killed Pikel
  3808 | D:6      | Reached **** piety under Okawaru
  3925 | D:6      | Found a blossoming altar of Fedhas.
  3944 | D:6      | Found a stormy altar of Qazlal.
  3992 | D:6      | Killed from afar by an electric eel

Levels and vault maps discovered:
D:1:      saegor_arrival_simple_c, layout_basic
D:2:      layout_basic, minmay_temple_entry_from_below_a
D:3:      layout_basic
D:4:      layout_rooms, gammafunk_temple_overflow_forgotten, first_ration
D:5:      layout_basic, basic_altar
D:6:      layout_loops_ring, grunt_temple_overflow_forces_of_nature,
          serial_bayou, serial_bayou_ford_a, serial_bayou_pond_e,
          serial_bayou_lagoon_b, serial_bayou_shore_a, serial_bayou_lake_a,
          serial_bayou_shore_b, uniq_grinder, uniq_pikel
Temple:   nicolae_temple_x_marks_the_god

Skill      XL: |  1  2  3  4  5  6  7  8 |
---------------+-------------------------+-----
Fighting       | 4 5 |  5.9
Armour         | 4 5 6 |  6.3
Shields        | 4 5 6 |  6.8
Long Blades    | 3 4 |  4.0
Short Blades   | 1 2 3 5 6 |  6.4
Dodging        | 1 2 3 |  3.4
Throwing       | 1 3 |  3.1
Stealth        | 1 |  1.7

Action                   |  1- 3 |  4- 6 |  7- 9 || total
-------------------------+-------+-------+-------++-------
Melee: Long sword        |    49 |       |       ||    49
       Headbutt          |    11 |    33 |    31 ||    75
       Short sword       |    15 |   136 |   139 ||   290
Throw: Dart              |       |     8 |       ||     8
       Boomerang         |       |       |    14 ||    14
Evoke: Wand              |       |       |     1 ||     1
 Stab: Sleeping          |       |       |     1 ||     1
  Eat: Chunk             |       |    17 |     2 ||    19
Armor: Scale mail        |    21 |    34 |    31 ||    86
Dodge: Dodged            |    24 |    53 |    33 ||   110
Block: Kite shield       |    39 |    66 |    50 ||   155
       Rpst.: Long sword |     3 |       |       ||     3
